 Dungeon Crawl Stone Soup version 0.27-a0-1296-g8ece459b43 (webtiles) character file.

Game seed: 17521112498579443414

1029 Delamore the Spear-Bearer (level 8, -4/62 HPs)
             Began as a Formicid Fighter on June 16, 2021.
             Slain by Edmund (5 damage)
             ... on level 5 of the Dungeon.
             The game lasted 00:04:47 (5620 turns).

Delamore the Spear-Bearer (Formicid Fighter)        Turns: 5620, Time: 00:04:47

Health: -4/62      AC:  8    Str: 23    XL:     8   Next: 47%
Magic:  8/8        EV:  8    Int: 20    God:
Gold:   290        SH: 10    Dex: 10    Spells: 7/7 levels left

rFire    . . .     SeeInvis +   g - +1 dagger (elec)
rCold    . . .     Faith    .   c - +1 kite shield
rNeg     . . .     Spirit   .   b - +0 scale mail
rPois    .         Reflect  .   (helmet unavailable)
rElec    .         Harm     .   h - +0 cloak
rCorr    .         Rampage  .   (no gloves)
Will     .....                  (no boots)
Stlth    ..........             (no amulet)
HPRegen  0.20/turn              e - +6 ring of intelligence
MPRegen  0.11/turn              l - +6 ring of intelligence

@: no status effects
A: permanent stasis, dig shafts and tunnels, antennae 3, four strong arms
a: Dig, Shaft Self


You were on level 5 of the Dungeon.
You visited 1 branch of the dungeon, and saw 5 of its levels.

You collected 290 gold pieces.

Inventory:

Hand Weapons
 a - a +0 trident
 g - a +1 dagger of electrocution (weapon)
Missiles
 q - 6 boomerangs (quivered)
Armour
 b - a +0 scale mail (worn)
 c - a +1 kite shield (worn)
 h - a +0 cloak (worn)
Jewellery
 e - a +6 ring of intelligence (left hand)
 l - a +6 ring of intelligence (right hand)
Wands
 j - a wand of flame (13)
Scrolls
 i - 3 scrolls of amnesia
Potions
 d - 2 potions of might
 f - 4 potions of curing
 m - a potion of magic {unknown}
 n - a potion of brilliance {unknown}
 o - a potion of cancellation {unknown}
 p - a potion of resistance {unknown}


   Skills:
 - Level 5.0 Fighting
 * Level 8.9 Polearms
 - Level 3.2 Armour
 - Level 3.6 Shields


You had 7 spell levels left.
You didn't know any spells.
Your spell library was empty.

Dungeon Overview and Level Annotations

Branches:
Dungeon (5/15)
 Temple: D:4-7

Altars:
Dithmenos
Elyvilon
Makhleb
Okawaru
Wu Jian
Zin

Shops:
D:1 !

Annotations:
D:5 Edmund


Innate Abilities, Weirdness & Mutations

You cannot be hasted, slowed, berserked, paralysed or teleported.
You can dig through walls and to a lower floor.
You have a pair of large antennae on your head. (SInv)
Your four strong arms can wield two-handed weapons with a shield.


Message History

You feel much better.
The kobold brigand hits you but does no damage.
You block Edmund's attack.
You hit Edmund but do no damage.
Edmund is severely wounded.
The kobold brigand hits you but does no damage.
You block Edmund's attack.
You hit Edmund.
Edmund is severely wounded.
The kobold brigand hits you with a +0 short sword.
You block Edmund's attack. x2
The kobold brigand hits you but does no damage.
You hit Edmund.
Edmund is almost dead.
Edmund hits you with a +2 dire flail of holy wrath!
* * * LOW HITPOINT WARNING * * *
The kobold brigand hits you but does no damage.
You hit Edmund but do no damage.
Edmund is almost dead.
You block the kobold brigand's attack.
Edmund hits you with a +2 dire flail of holy wrath!
* * * LOW HITPOINT WARNING * * *
You feel much better. You block the kobold brigand's attack.
Edmund zaps a wand.
The puff of flame hits you!
You closely miss Edmund.
Edmund is almost dead.
The kobold brigand hits you but does no damage.
Edmund barely misses you.
You hit Edmund but do no damage.
Edmund is severely wounded.
The kobold brigand hits you with a +0 short sword!
* * * LOW HITPOINT WARNING * * *
Edmund hits you with a +2 dire flail of holy wrath!
* * * LOW HITPOINT WARNING * * *
You closely miss Edmund.
Edmund is severely wounded.
The kobold brigand hits you with a +0 short sword.
* * * LOW HITPOINT WARNING * * *
Edmund hits you with a +2 dire flail of holy wrath.
You die...

.##.#.###.#.#.##.#.# #.#
§##.#.#...#.#.##.#.##########)##
§§#)#.........##...............#
§#§##.....................######
§§§§...........########...#
§#§#..........##......##..#
§§###......(..#..#..# #..# §##
#.........#.K#.@# #..#
.####.#######.#.@#..# #..#
..............#⌠)@..# #..#
###.#..>...#..####''####..#
#.#...........8#..#8....#
#.#...........'....'....#
#.#...........8####8...##
#.#....................#
#.######.#...########### #.#
#.#.###


You could see Edmund and a kobold brigand.

Vanquished Creatures
  Duvessa (D:4)
  Purgy (D:3)
  2 ogres
  A phantom (D:5)
  A gnoll sergeant (D:5)
  A scorpion (D:5)
  Dowan (D:4)
  A bullfrog zombie (D:5)
  A hound (D:5)
  Jessica (D:2)
  Ijyb (D:5)
  2 iguanas (D:5)
  3 orc wizards (D:4)
  A hound zombie (D:5)
  5 gnolls (D:5)
  A howler monkey skeleton (D:5)
  An adder (D:5)
  A white imp (D:5)
  2 dart slugs
  3 orcs (D:4)
  3 bats
  A bat zombie (D:1)
  3 endoplasms (D:2)
  6 giant cockroaches
  3 hobgoblins (D:1)
  15 jackals
  3 quokkas
  7 ball pythons
  A ball python zombie (D:1)
  3 frilled lizards
  5 goblins
  5 kobolds
  3 rats
89 creatures vanquished.

Vanquished Creatures (others)
  A fungus (D:3)
  4 toadstools (D:3)
5 creatures vanquished.

Grand Total: 94 creatures vanquished

Notes
Turn   | Place    | Note
-------+----------+-------------------------------------------
     0 | D:1      | Delamore the Formicid Fighter began the quest for the Orb.
     0 | D:1      | Reached XP level 1. HP: 18/18 MP: 1/1
   258 | D:1      | Reached XP level 2. HP: 24/24 MP: 2/2
   405 | D:1      | Found Zeonos's Distillery.
   415 | D:1      | Found a faded altar of an unknown god.
   491 | D:1      | Reached XP level 3. HP: 29/29 MP: 3/3
   520 | D:1      | Reached skill level 3 in Polearms
  1352 | D:2      | Reached XP level 4. HP: 37/37 MP: 4/4
  1471 | D:2      | Noticed Jessica
  1478 | D:2      | Killed Jessica
  1817 | D:2      | Reached skill level 4 in Polearms
  1901 | D:3      | Found an ornate altar of the Wu Jian Council.
  1983 | D:3      | Noticed Purgy
  2006 | D:3      | Killed Purgy
  2007 | D:3      | Reached XP level 5. HP: 27/43 MP: 5/5
  2007 | D:3      | Reached XP level 6. HP: 31/49 MP: 6/6
  2646 | D:4      | Noticed Duvessa
  2646 | D:4      | Noticed Dowan
  2657 | D:4      | Killed Duvessa
  2658 | D:4      | Reached skill level 5 in Fighting
  2658 | D:4      | Reached skill level 5 in Polearms
  2660 | D:4      | Killed Dowan
  2661 | D:4      | Reached skill level 6 in Polearms
  2661 | D:4      | Reached XP level 7. HP: 36/56 MP: 7/7
  3531 | D:5      | Entered Level 5 of the Dungeon
  3610 | D:5      | Reached skill level 7 in Polearms
  3811 | D:5      | Found an iron altar of Okawaru.
  4118 | D:5      | Reached skill level 8 in Polearms
  4118 | D:5      | Reached XP level 8. HP: 11/62 MP: 8/8
  4567 | D:5      | Found a shadowy altar of Dithmenos.
  4882 | D:5      | Found a burning altar of Makhleb.
  4882 | D:5      | Noticed Ijyb
  4884 | D:5      | Found a glowing silver altar of Zin.
  4884 | D:5      | Noticed an angel
  4896 | D:5      | Killed Ijyb
  5029 | D:5      | Noticed a blizzard demon
  5096 | D:5      | Found a large runed translucent door.
  5097 | D:5      | Found a large runed translucent door.
  5552 | D:5      | Found a white marble altar of Elyvilon.
  5585 | D:5      | Noticed Edmund
  5620 | D:5      | HP: 1/62 [kobold brigand (4)]
  5620 | D:5      | Slain by Edmund

Illustrated notes

Levels and vault maps discovered:
D:1:      saegor_arrival_fortress, layout_basic, basic_ecumenical_altar,
          serial_shops, nicolae_shop_trees, kennysheep_decorative_pillar,
          minmay_misc_feat_chi
D:2:      layout_basic, chequers_decorated_corner, uniq_jessica
D:3:      layout_loops_ring, marbit_many_paths, minmay_gold_behind_fungi,
          uniq_purgy
D:4:      layout_rooms, uniq_duvessa
D:5:      layout_basic, grunt_temple_overflow_order_and_chaos_2,
          okawaru_trees_2, grunt_dithmenos_smoke_and_mirrors,
          jmf_multi_god_temple2, uniq_edmund, uniq_ijyb

Skill      XL: |  1  2  3  4  5  6  7 |
---------------+----------------------+-----
Polearms       | 3 4 6 8 |  8.9
Fighting       | 4 5 |  5.0
Armour         | |  3.2
Shields        | |  3.6

Action                   |  1- 3 |  4- 6 |  7- 9 || total
-------------------------+-------+-------+-------++-------
Melee: Trident           |   110 |       |       ||   110
       Dagger            |    40 |    91 |   179 ||   310
Throw: Throwing net      |       |       |     3 ||     3
 Abil: Dig               |     1 |       |     3 ||     4
  Use: Scroll            |     1 |     5 |     4 ||    10
       Potion            |       |       |     3 ||     3
 Stab: Held in net/web   |       |       |     2 ||     2
Armor: Scale mail        |   104 |    55 |    52 ||   211
Dodge: Dodged            |    77 |    43 |    45 ||   165
Block: Kite shield       |    99 |    55 |    91 ||   245

Table legend: (Time is in decaauts)
 A = Elapsed time spent in this place.
 B = Non-inter-level travel time spent in this place.
 C = Inter-level travel time spent in this place.
 D = Time resting spent in this place.
 E = Time spent auto-exploring this place.
 F = Levels seen in this place.
 G = Mean time per level.
                   A        B        C        D        E       F      G
               +--------+--------+--------+--------+--------+-----+--------+
         Total |   5714 |   5537 |    177 |   1180 |   3511 |   5 | 1142.8 |
       Dungeon |   5714 |   5537 |    177 |   1180 |   3511 |   5 | 1142.8 |
               +--------+--------+--------+--------+--------+-----+--------+

Top non-repeatable levels by time:
     D:5: 2115 daAuts
     D:1: 1066 daAuts
     D:4: 948 daAuts
     D:2: 826 daAuts
     D:3: 757 daAuts
